 Dungeon Crawl Stone Soup version 0.28.0-43-g3370ac3207 (webtiles) character file.

Game seed: 17293840775170938614

21855 ZappyNine the Brawler (level 12, 0/122 HPs)
             Began as a Troll Monk on Apr 1, 2022.
             Was a High Priest of Okawaru.
             Slain by a 12-headed hydra (5 damage)
             ... on level 12 of the Dungeon.
             The game lasted 00:17:53 (11637 turns).

ZappyNine the Brawler (Troll Monk)                 Turns: 11637, Time: 00:17:54

Health: 0/122      AC:  6    Str: 26    XL:     12   Next: 57%
Magic:  15/15      EV: 14    Int:  6    God:    Okawaru [*****.]
Gold:   759        SH:  0    Dex: 18    Spells: 11/11 levels left

rFire   . . .      SeeInvis .     - Unarmed
rCold   . . .      Faith    .   (no shield)
rNeg    . . .      Spirit   .   s - +0 troll leather armour
rPois   .          Reflect  .   (helmet restricted)
rElec   +          Harm     .   (no cloak)
rCorr   .          Rampage  .   (gloves unavailable)
Will    +....      Rnd*Tele +   (boots unavailable)
Stlth   ++........              (no amulet)
HPRegen 1.90/turn               e - +4 ring of evasion
MPRegen 0.14/turn               p - +6 ring of dexterity

@: invisible
A: large, unfitting armour, claws 3, regeneration 1, shaggy fur 1, tough skin 1,
strong-willed 1, electricity resistance, teleportitis 1
a: Renounce Religion, Heroism, Finesse, Duel


You were on level 12 of the Dungeon.
You worshipped Okawaru.
Okawaru was extremely pleased with you.
You visited 2 branches of the dungeon, and saw 13 of its levels.

You collected 781 gold pieces.
You spent 22 gold pieces at shops.

Inventory:

Missiles
 g - 6 boomerangs
 o - 3 large rocks (quivered)
 u - 2 throwing nets
Armour
 s - a +0 troll leather armour (worn)
 z - a +1 robe of cold resistance
Jewellery
 e - a +4 ring of evasion (left claw)
 p - a +6 ring of dexterity (right claw)
Wands
 f - a wand of flame (54)
 k - a wand of iceblast (9)
 t - a wand of paralysis (5)
Scrolls
 c - a scroll of fog
 h - 3 scrolls of identify
 j - a scroll of noise
 m - 5 scrolls of teleportation
 n - 2 scrolls of amnesia
 v - 4 scrolls of enchant armour
 w - a scroll of enchant weapon
 y - a scroll of brand weapon
 A - a scroll of summoning {unknown}
Potions
 b - 2 potions of brilliance
 d - 2 potions of lignification
 i - 5 potions of curing
 l - a potion of magic
 r - 2 potions of flight


   Skills:
 + Level 8.8 Fighting
 + Level 7.9 Throwing
 - Level 2.4 Dodging
 - Level 2.5 Stealth
 * Level 15.2 Unarmed Combat
 + Level 5.6 Invocations


You had 11 spell levels left.
You didn't know any spells.
Your spell library contained the following spells:

 Spells                   Type           Power      Damage    Failure   Level
 Apportation              Tloc           0%         N/A       50%         1
 Pain                     Necr           0%         1d4       50%         1
 Slow                     Hex            0%         N/A       50%         1
 Ensorcelled Hibernation  Hex/Ice        0%         N/A       65%         2
 Confusing Touch          Hex            0%         N/A       86%         3
 Spider Form              Tmut/Pois      0%         N/A       86%         3
 Vampiric Draining        Necr           0%         2d6       86%         3
 Anguish                  Hex/Necr       0%         N/A       99%         4
 Agony                    Necr           0%         N/A       100%        5
 Excruciating Wounds      Necr           0%         N/A       100%        5
 Animate Skeleton         Necr           Unusable   N/A       N/A         1
 Summon Small Mammal      Summ           Unusable   N/A       N/A         1

Dungeon Overview and Level Annotations

Branches:
Dungeon (12/15)            Temple (1/1) D:7            Lair (0/6) D:8
    Orc (0/2) D:10

Altars:
Ashenzari
Cheibriados
Dithmenos
Elyvilon
Fedhas
Gozag
Hepliaklqana
Kikubaaqudgha
Makhleb
Nemelex Xobeh
Okawaru
Qazlal
Ru
Sif Muna
Trog
Uskayaw
Vehumet
Wu Jian
Xom
Yredelemnul
Zin
The Shining One

Shops:
D:2 *   D:3 (   D:4 ?

Portals:
Trove: D:11 (give +4 storm dragon scales)

Annotations:
D:10 1 runed translucent door, crimpus's ghost, journeyman MiFi


Innate Abilities, Weirdness & Mutations

You are too large for most types of armour.
You have claws for hands.
Your natural rate of healing is unusually fast.
You are covered in fur. (AC +1)
You have tough skin. (AC +1)
You are strong-willed. (Will+)
You are resistant to electric shocks. (rElec)
You are occasionally teleported next to monsters.


Message History

The ten-headed hydra completely misses you.
The ten-headed hydra barely misses you. x2; The ten-headed hydra bites you!
* * * LOW HITPOINT WARNING * * *
The ten-headed hydra bites you but does no damage. x2
Unknown command.
You tear one of the ten-headed hydra's heads off!
The nine-headed hydra grows two more!
You eviscerate the 11-headed hydra!!! Your claw misses the 11-headed hydra.
The 11-headed hydra is almost dead.
You catch the helpless 11-headed hydra completely off-guard!
You tear one of the 11-headed hydra's heads off!
The ten-headed hydra grows two more!
You mangle the 12-headed hydra!! Your claw misses the 12-headed hydra.
The 12-headed hydra is almost dead.
The 12-headed hydra bites you but does no damage.
The 12-headed hydra bites you!
* * * LOW HITPOINT WARNING * * *
The 12-headed hydra closely misses you. The 12-headed hydra barely misses you.
The 12-headed hydra bites you but does no damage.
The 12-headed hydra barely misses you. x3
The 12-headed hydra closely misses you. The 12-headed hydra bites you!
* * * LOW HITPOINT WARNING * * *
The 12-headed hydra bites you but does no damage.
The 12-headed hydra barely misses you.
Unknown command.
You scratch the 12-headed hydra.
The 12-headed hydra is almost dead.
Unknown command.
Unknown command.
You scratch the 12-headed hydra.
The 12-headed hydra is almost dead.
The 12-headed hydra bites you!
* * * LOW HITPOINT WARNING * * *
The 12-headed hydra misses you.
The 12-headed hydra bites you but does no damage.
The 12-headed hydra barely misses you. x2
The 12-headed hydra closely misses you.
The 12-headed hydra bites you but does no damage.
The 12-headed hydra bites you.
You die...

##...........[.##....
####.........###......
........D.....#..#..#
..........#.........# ## ...
###......###.#.....# .... ...
##.....# ##D....###..#... .....
#.....####...#......#.........
##..........##.................
#............##@D#......... ...
..............[<.#.......... ...
##............().............###
##......#...............>#.....
#.....##......)....#.......##.
#...####..................# ##
#...#.......#.........#...# ##
....##.###..#..##.....#.##.##.
.. ## ##...##.........##...


You could see a 12-headed hydra.

Vanquished Creatures
  2 hydras
  Fannar (D:10)
  The ghost of scone the Thaumaturge, a journeyman DjFE of Makhleb (D:11)
  Harold (D:8)
  A boulder beetle (D:12)
  6 two-headed ogres
  Urug (D:12)
  Sonja (D:12)
  An orc knight (D:12)
  2 cyclopes (D:11)
  An ugly thing (D:7)
  A manticore (D:11)
  Joseph (D:8)
  3 kobold demonologists (D:11)
  An unseen horror (D:11)
  Maggie (D:10)
  5 trolls
  Grinder (D:5)
  2 hornets
  A shadow (D:10)
  Sigmund (D:3)
  2 wraiths (D:12)
  6 yaks (D:10)
  2 vampire mosquitoes (D:12)
  Edmund (D:6)
  2 wargs
  Duvessa (D:4)
  4 orc warriors
  3 black bears
  2 ice beasts
  3 ogres
  2 wolves (D:8)
  6 centaurs
  2 necrophages
  3 phantoms
  Blork the orc (D:4)
  2 bullfrogs (D:7)
  5 kobold brigands
  A gnoll sergeant (D:10)
  2 scorpions (D:5)
  A water moccasin skeleton (D:4)
  Dowan (D:4)
  26 killer bees
  4 wights (D:8)
  2 electric eels (D:8)
  2 howler monkeys
  8 centaur zombies
  A bullfrog zombie (D:6)
  4 jellies
  4 orc priests
  8 hounds
  An iguana (D:6)
  7 orc wizards
  A killer bee zombie (D:8)
  A howler monkey zombie (D:8)
  12 gnolls
  5 adders
  2 shadow imps (D:7)
  A white imp (D:8)
  2 ufetubi
  An adder skeleton (D:4)
  A dart slug (D:1)
  20 orcs
  8 endoplasms
  4 giant cockroaches
  7 goblins
  5 hobgoblins
  2 jackals (D:1)
  2 quokkas
  10 ball pythons
  5 bats
  3 frilled lizards
  20 kobolds
  6 rats
272 creatures vanquished.

Vanquished Creatures (others)
  An orc (D:5)
  A kobold (D:4)
  5 fungi (D:10)
  2 plants (D:10)
9 creatures vanquished.

Grand Total: 281 creatures vanquished

Notes
Turn   | Place    | Note
-------+----------+-------------------------------------------
     0 | D:1      | ZappyNine the Troll Monk began the quest for the Orb.
     0 | D:1      | Reached XP level 1. HP: 22/22 MP: 0/0
   168 | D:1      | Reached XP level 2. HP: 29/29 MP: 1/1
   568 | D:1      | Reached XP level 3. HP: 36/36 MP: 2/2
  1159 | D:2      | Reached skill level 4 in Unarmed Combat
  1199 | D:2      | Found Zemuaji's General Store.
  1390 | D:2      | Found a faded altar of an unknown god.
  1762 | D:3      | Reached XP level 4. HP: 26/45 MP: 3/3
  1919 | D:3      | Noticed Sigmund
  1927 | D:3      | Killed Sigmund
  1928 | D:3      | Reached skill level 1 in Throwing
  1928 | D:3      | Reached skill level 5 in Unarmed Combat
  1928 | D:3      | Reached XP level 5. HP: 46/53 MP: 4/4
  1977 | D:3      | Reached XP level 6. HP: 54/61 MP: 5/5
  2190 | D:3      | Found Mynoo's Antique Weapon Shoppe.
  2375 | D:4      | Reached skill level 6 in Unarmed Combat
  2435 | D:4      | Reached XP level 7. HP: 27/70 MP: 6/6
  2664 | D:4      | Noticed Dowan
  2665 | D:4      | Noticed Duvessa
  2706 | D:4      | Killed Duvessa
  2721 | D:4      | Killed Dowan
  2722 | D:4      | Reached skill level 7 in Unarmed Combat
  2839 | D:4      | Found a glowing golden altar of the Shining One.
  2939 | D:4      | Noticed Blork the orc
  2951 | D:4      | Killed Blork the orc
  3084 | D:4      | Found Widaske's Magic Scroll Emporium.
  3090 | D:4      | Bought a scroll of identify for 22 gold pieces
  3298 | D:5      | Entered Level 5 of the Dungeon
  3301 | D:5      | Reached XP level 8. HP: 79/79 MP: 7/7
  3464 | D:5      | Found a bloodstained altar of Trog.
  3531 | D:5      | Reached skill level 8 in Unarmed Combat
  3688 | D:5      | Reached skill level 5 in Fighting
  3688 | D:5      | Gained mutation: Your mind is acute. (Int +2) [potion of
                  | mutation]
  3847 | D:5      | Found a broken altar of Ashenzari.
  3920 | D:5      | Noticed Grinder
  3937 | D:5      | Killed Grinder
  4124 | D:6      | Reached skill level 9 in Unarmed Combat
  4190 | D:6      | Reached XP level 9. HP: 88/88 MP: 8/8
  4236 | D:6      | Noticed Edmund
  4244 | D:6      | Killed Edmund
  4283 | D:6      | Reached skill level 5 in Throwing
  4656 | D:6      | Found a snail-covered altar of Cheibriados.
  4954 | D:7      | Reached skill level 10 in Unarmed Combat
  4995 | D:7      | Found a staircase to the Ecumenical Temple.
  5014 | Temple   | Entered the Ecumenical Temple
  5307 | D:7      | Noticed a red ugly thing
  5315 | D:7      | Killed a red ugly thing
  5662 | D:7      | Found a shimmering altar of Xom.
  5849 | D:8      | Noticed a two-headed ogre
  5857 | D:8      | Killed a two-headed ogre
  5858 | D:8      | Reached skill level 11 in Unarmed Combat
  5858 | D:8      | Reached XP level 10. HP: 33/100 MP: 9/9
  6169 | D:8      | Noticed Joseph
  6274 | D:8      | Killed Joseph
  6320 | D:8      | Noticed a two-headed ogre
  6328 | D:8      | Killed a two-headed ogre
  6467 | D:8      | Found a shadowy altar of Dithmenos.
  6549 | D:8      | Reached skill level 12 in Unarmed Combat
  6868 | D:8      | Found a staircase to the Lair.
  6893 | D:8      | Noticed Harold
  6915 | D:8      | Killed Harold
  7316 | Temple   | Became a worshipper of Warmaster Okawaru
  7316 | Temple   | Reached * piety under Okawaru
  7316 | Temple   | Reached ** piety under Okawaru
  7486 | D:9      | Noticed a two-headed ogre
  7496 | D:9      | Killed a two-headed ogre
  7497 | D:9      | Reached skill level 1 in Invocations
  7497 | D:9      | Reached XP level 11. HP: 45/111 MP: 10/10
  7692 | D:9      | Identified the +5 long sword of Mupasho {venom, rCorr
                  | Dex+3}
  7736 | D:9      | Reached *** piety under Okawaru
  7911 | D:9      | Noticed a two-headed ogre
  7919 | D:9      | Killed a two-headed ogre
  7920 | D:9      | Reached skill level 13 in Unarmed Combat
  8302 | D:10     | Entered Level 10 of the Dungeon
  8492 | D:10     | Noticed Maggie
  8506 | D:10     | Killed Maggie
  8518 | D:10     | Noticed Fannar
  8642 | D:10     | Killed Fannar
  8826 | D:10     | Found a staircase to the Orcish Mines.
  8834 | D:10     | Reached **** piety under Okawaru
  9164 | D:10     | Found an ancient bone altar of Kikubaaqudgha.
  9245 | D:10     | Found a runed translucent door.
  9246 | D:10     | Identified the +2 trident of Zinuqif {speed, Dex+4}
  9249 | D:10     | Noticed crimpus's ghost (journeyman MiFi)
  9786 | D:11     | Noticed a four-headed hydra
  9907 | D:11     | Lost mutation: Your mind is acute. (Int +2) [potion of
                  | mutation]
  9907 | D:11     | Gained mutation: You are strong-willed. (Will+) [potion of
                  | mutation]
  9907 | D:11     | Gained mutation: You are occasionally teleported next to
                  | monsters. [potion of mutation]
  9907 | D:11     | Gained mutation: You are resistant to electric shocks.
                  | (rElec) [potion of mutation]
  9913 | D:11     | Killed a nine-headed hydra
  9914 | D:11     | Reached skill level 14 in Unarmed Combat
  9992 | D:11     | Reached ***** piety under Okawaru
 10347 | D:11     | Received a gift from Okawaru
 10398 | D:11     | Noticed scone's ghost (journeyman DjFE)
 10399 | D:11     | Found a runed translucent door.
 10457 | D:11     | Found a portal to a secret trove of treasure.
 10561 | D:11     | Reached XP level 12. HP: 94/120 MP: 14/14
 10624 | D:11     | Noticed a two-headed ogre
 10630 | D:11     | Killed a two-headed ogre
 10852 | D:11     | Killed scone's ghost
 10902 | D:12     | Noticed Urug
 10902 | D:12     | Noticed a four-headed hydra
 10908 | D:12     | Killed a four-headed hydra
 10981 | D:12     | Killed Urug
 10982 | D:12     | Reached skill level 5 in Invocations
 11076 | D:12     | Noticed Sonja
 11083 | D:12     | Killed Sonja
 11144 | D:12     | Noticed a boulder beetle
 11161 | D:12     | Killed a boulder beetle
 11365 | D:11     | Reached skill level 15 in Unarmed Combat
 11489 | D:12     | Noticed a two-headed ogre
 11500 | D:12     | Killed a two-headed ogre
 11549 | D:12     | Noticed a seven-headed hydra
 11637 | D:12     | HP: 5/122 [12-headed hydra (11)]
 11637 | D:12     | Slain by a 12-headed hydra

Illustrated notes

Levels and vault maps discovered:
D:1:      nicolae_arrival_memento_mori, layout_loops_corners, serial_rivers,
          chequers_serial_rivers_micro_b, chequers_serial_rivers_small_b,
          chequers_serial_rivers_small_b, chequers_serial_rivers_micro_a,
          chequers_serial_rivers_micro_e, st_stairs_1
D:2:      layout_loops_ring, shapermc_ecumenical_altar_ellora, serial_shops,
          nicolae_shop_hallway_stairs, chequers_jeans
D:3:      layout_rooms, serial_shops, nicolae_shop_behind_doors,
          minmay_quantized, uniq_sigmund
D:4:      wander_river, layout_cave_pods, mainiacjoe_overflow_cross_hatched,
          serial_shops, nicolae_shop_stone, uniq_duvessa, uniq_blork_the_orc
D:5:      nicolae_cairo_tiling, layout_basic, bloody_trog,
          ashenzari_conservatory_becter, lemuel_flamethrower_2, uniq_grinder
D:6:      layout_basic, kennysheep_mini, uniq_edmund
D:7:      layout_loops_ring, mainiacjoe_overflow_alcove_2,
          minmay_temple_entry_mist, minmay_circle_x
D:8:      layout_loops_cross, old_standard_altar, erik_lair_island,
          kennysheep_generic_room_5, uniq_harold, uniq_joseph
D:9:      layout_long_grid, wad_dig_loot
D:10:     layout_basic, mainiacjoe_overflow_surrounded_room, erik_orc_4,
          ebering_ghost_funeral_grove, minmay_misc_feat_roman, uniq_maggie,
          uniq_fannar
D:11:     layout_gridville, hellmonk_ghost_happy_afterlife,
          nicolae_trove_entry_diagonal
D:12:     layout_layer_cave, uniq_sonja, uniq_urug
Temple:   regret_index_temple_waves

Skill      XL: |  1  2  3  4  5  6  7  8  9 10 11 12 |
---------------+-------------------------------------+-----
Unarmed Combat | 4 5 6 7 9 11 12 14 15 | 15.2
Fighting       | 3 4 5 6 7 8 |  8.8
Throwing       | 1 2 3 4 6 7 |  7.9
Invocations    | 1 4 5 |  5.6
Stealth        | 2 |  2.5
Dodging        | |  2.4

Action                   |  1- 3 |  4- 6 |  7- 9 | 10-12 || total
-------------------------+-------+-------+-------+-------++-------
Melee: Unarmed           |    92 |    86 |   191 |   479 ||   848
       Punch             |     1 |     3 |     7 |    46 ||    57
Throw: Boomerang         |       |       |    11 |     6 ||    17
       Large rock        |       |       |       |    10 ||    10
       Dart              |       |       |       |     8 ||     8
       Throwing net      |       |       |       |     1 ||     1
Invok: Heroism           |       |       |       |     1 ||     1
  Use: Scroll            |       |       |     7 |    15 ||    22
       Potion            |       |       |     1 |     6 ||     7
 Stab: Sleeping          |     4 |       |     4 |     2 ||    10
       Distracted        |     2 |       |     1 |     1 ||     4
       Invisible         |       |       |       |     3 ||     3
       Held in net/web   |       |       |       |     1 ||     1
Armor: Robe              |    17 |    18 |    29 |    65 ||   129
       Troll leather arm |       |       |       |    49 ||    49
Dodge: Dodged            |    52 |    70 |   132 |   425 ||   679
